 Dungeon Crawl Stone Soup version 0.16-a0-787-g31dbbe7 (webtiles) character file.

19273 MackTheKnife the Transmogrifier (level 12, -5/95 HPs)
             Began as a Merfolk Transmuter on Sept 26, 2014.
             Was a High Priest of Fedhas.
             Slain by a yak (10 damage)
             ... on Level 4 of the Lair of Beasts on Sept 27, 2014.
             The game lasted 00:49:40 (18613 turns).

MackTheKnife the Transmogrifier (MfTm)             Turns: 18613, Time: 00:49:40

HP  -5/95        AC  7     Str 12      XL: 12   Next: 67%
MP  19/21        EV 19     Int 14      God: Fedhas [*****.]
Gold 436         SH  0     Dex 16      Spells:  3 memorised,  8 levels left

rFire  . . .     SeeInvis .       - Unarmed
rCold  + . .     Clarity  +     F - +1 leather armour {rC+}
rNeg   . . .     rCorr    .     (shield currently unavailable)
rPois  +         rRot     .     (no helmet)
rElec  .         Spirit   .     c - +0 cloak
SustAb .         Warding  .     x - melded +0 pair of gloves
rMut   .         Stasis   .     z - +1 pair of boots
Gourm  .                        l - amulet of clarity
MR     .....                    (no ring)
                                k - ring of poison resistance

@: blade hands, not resistant to hostile enchantments, very unstealthy
A: change form in water, swift swim
a: End Transformation, Evolution, Sunlight, Growth, Reproduction, Rain, Renounce
Religion


You were on level 4 of the Lair of Beasts.
You worshipped Fedhas.
Fedhas was extremely pleased with you.
You were not hungry.
Your hands were blades.
You visited 2 branches of the dungeon, and saw 14 of its levels.

You collected 826 gold pieces.
You spent 390 gold pieces at shops.


   Skills:
 - Level 9.3 Fighting
 - Level 12.0 Dodging
 - Level 12.1 Unarmed Combat
 - Level 3.8 Spellcasting
 - Level 12.6 Transmutations
 - Level 3.5 Poison Magic
 + Level 6.4 Evocations


You had 8 spell levels left.
You knew the following spells:

 Your Spells              Type           Power        Failure   Level  Hunger
r - Sticks to Snakes      Trmt           #####.....   10%         2    ##.....
x - Spider Form           Trmt/Pois      ####......   21%         3    ###....
z - Blade Hands           Trmt           #####.....   28%         5    #####..

Inventory:

Missiles
 b - 147 arrows
 B - 5 throwing nets (quivered)
Armour
 c - a +0 cloak (worn)
 x - a +0 pair of gloves (melded)
 z - a +1 pair of boots (worn)
 F - a +1 leather armour of cold resistance (worn)
Magical devices
 u - a wand of cold (8)
 C - a wand of draining (5)
 Q - a wand of fire (0)
 T - a wand of disintegration (10)
Comestibles
 a - 7 bread rations
 i - 6 meat rations
 n - a slice of pizza
 J - 2 beef jerkies
Scrolls
 d - a scroll of amnesia
 e - 5 scrolls of identify
 f - a scroll of holy word
 g - 2 scrolls of recharging
 q - 3 scrolls of magic mapping
 r - 3 scrolls of teleportation
 w - a scroll of fog
 D - 2 scrolls of immolation {!r}
 H - 5 scrolls of remove curse
 I - a scroll of enchant armour
Jewellery
 h - an uncursed amulet of stasis
 k - a ring of poison resistance (left scythe-like blade)
 l - an amulet of clarity (around neck)
 o - an uncursed ring of ice {unknown}
Potions
 j - 3 potions of brilliance
 m - a potion of invisibility {unknown}
 p - a potion of agility
 s - a potion of cure mutation {unknown}
 t - a potion of might
 v - a potion of cancellation {unknown}
 A - a potion of beneficial mutation {unknown}
 E - 3 potions of restore abilities
 G - 2 potions of lignification {unknown}
 K - 2 potions of curing
 L - a potion of heal wounds
 N - 2 potions of flight {unknown}
 O - a potion of berserk rage {unknown}
 S - a potion of resistance {unknown}

▒P········ ···▒ ▒········
·P··▒▒ ▒▒ ▒······▒
▒▒····▒▒▒P▒▒▒▒·
▒······▒▒▒▒·····P▒·······
·······(·P·P··········▒
P··PP··%··········%P▒
·PPP··············▒
·▒P▒▒▒▒········%Y▒▒ ·▒·▒
▒▒·······%m▒ ·▒▒▒
▒▒··(···▒ff▒▒ ·▒▒
▒······▒▒·▒·▒ ··▒
▒▒·▒··▒▒▒▒▒▒▒ ·<▒ ▒▒▒·▒▒
▒···▒ ▒▒▒ ▒▒··▒ ▒··· ▒··▒


You could see a yak and 2 friendly wandering mushrooms.


Message History

You slice the yak!!
You kill the yak!
The yak barely misses you.
You slice the yak!!
The yak is heavily wounded.
You slice the yak!!
You kill the yak!
The yak gores you!
You slash the yak!
The yak is heavily wounded.
The yak completely misses you. The yak gores you!
* * * LOW HITPOINT WARNING * * *
You slash the yak!
The yak is severely wounded.
The yak gores you!
* * * LOW HITPOINT WARNING * * *
You hit the yak.
The yak is almost dead.
The yak barely misses you.
You slash the yak!
You kill the yak!
The yak gores you!
* * * LOW HITPOINT WARNING * * *
You hit the yak but do no damage. The yak gores you!
* * * LOW HITPOINT WARNING * * *
You slash the yak!
The yak is lightly wounded.
The yak gores you!
You die...
Fedhas appreciates your contribution to the ecosystem.

Action                   |  1- 3 |  4- 6 |  7- 9 | 10-12 || total
-------------------------+-------+-------+-------+-------++-------
Melee: Unarmed           |   136 |   235 |   383 |   787 ||  1541
Throw: Throwing net      |       |     1 |     1 |       ||     2
 Cast: Beastly Appendage |     3 |     3 |       |       ||     6
       Sticks to Snakes  |     1 |    10 |    12 |       ||    23
       Spider Form       |       |       |    17 |    21 ||    38
       Blade Hands       |       |       |     1 |    43 ||    44
Invok: Evolution         |       |     1 |     5 |    11 ||    17
Evoke: Wand              |       |     1 |     2 |     8 ||    11
  Use: Potion            |       |     2 |     1 |     2 ||     5
       Scroll            |       |       |    17 |     7 ||    24
 Stab: Sleeping          |       |     1 |     1 |     3 ||     5
       Distracted        |       |     1 |     2 |     3 ||     6
       Confused          |       |       |     1 |     2 ||     3
  Eat: Chunk             |     3 |     8 |     4 |    29 ||    44
       Beef jerky        |       |     1 |     1 |     1 ||     3
       Bread ration      |       |       |     3 |       ||     3
       Meat ration       |       |       |       |     3 ||     3
       Pizza             |       |       |       |     1 ||     1
       Royal jelly       |       |       |       |     1 ||     1

Vault maps used:
D:1:      eino_arrival_cavern_b, grunt_decor_clamped
D:2:      old_standard_altar, overflow_temple_1_default, minmay_bisected
D:3:      first_bread, uniq_terence
D:4:      wad_floor_pattern_untrapped
D:5:      led_sif_book, serial_shops, shop, uniq_menkaure, uniq_natasha
D:6:      serial_shops, shop_statue
D:7:      elyvilon_altar_1, minmay_temple_entry_water_ring
D:8:      makhleb_altar_promises_db, uniq_pikel
D:9:      okawaru_trees_1, yredelemnul_forgotten_temple_becter, orc_david_3,
          hangedman_fish_farm
D:10:     lair_0_dummy
Lair:1:   basic_altar, st_stairs_13
Lair:3:   spider_nest_entry_a
Lair:4:   minmay_shoals_entry_centaurs, basic_altar, wad_woods_01

Notes
Turn   | Place    | Note
--------------------------------------------------------------
     0 | D:1      | MackTheKnife, the Merfolk Transmuter, began the quest for the Orb.
     0 | D:1      | Reached XP level 1. HP: 15/15 MP: 3/3
   280 | D:1      | Reached XP level 2. HP: 9/21 MP: 2/4
   286 | D:1      | Reached skill level 4 in Unarmed Combat
  1308 | D:2      | Reached XP level 3. HP: 16/26 MP: 4/6
  1331 | D:2      | Learned a level 2 spell: Sticks to Snakes
  1641 | D:2      | Reached skill level 3 in Transmutations
  1642 | D:2      | Found a blossoming altar of Fedhas.
  1711 | D:2      | Became a worshipper of Fedhas Madash
  1875 | D:2      | Reached XP level 4. HP: 29/32 MP: 4/7
  1944 | D:2      | Reached skill level 5 in Unarmed Combat
  1998 | D:2      | Found a sacrificial altar of Ru.
  2308 | D:3      | Noticed Terence
  2327 | D:3      | Killed Terence
  2592 | D:3      | Reached skill level 4 in Transmutations
  2598 | D:3      | Learned a level 3 spell: Spider Form
  2625 | D:3      | Acquired Fedhas' first power
  2905 | D:3      | Reached XP level 5. HP: 37/37 MP: 7/9
  3261 | D:4      | Reached skill level 1 in Poison Magic
  3592 | D:4      | Reached skill level 2 in Poison Magic
  3592 | D:4      | Reached XP level 6. HP: 26/43 MP: 3/10
  4007 | D:4      | Reached skill level 6 in Unarmed Combat
  4024 | D:4      | Reached skill level 5 in Transmutations
  4025 | D:4      | Acquired Fedhas' second power
  4719 | D:4      | Reached skill level 3 in Poison Magic
  4866 | D:5      | Entered Level 5 of the Dungeon
  4872 | D:5      | Reached XP level 7. HP: 40/48 MP: 12/12
  5007 | D:5      | Noticed Menkaure
  5021 | D:5      | Killed Menkaure
  5021 | D:5      | Reached skill level 3 in Dodging
  5021 | D:5      | Reached skill level 6 in Transmutations
  5106 | D:5      | Found Kedojec's Antique Armour Shoppe.
  5113 | D:5      | Got a bloodstained shortbow
  5129 | D:5      | Bought a pair of polished boots for 285 gold pieces
  5140 | D:5      | Identified the cursed -1 pair of boots of the Shoals {rF+ Slay-1} (You bought it in a shop on level 5 of the Dungeon)
  5350 | D:5      | Noticed Natasha
  5361 | D:5      | Killed Natasha
  5643 | D:5      | Reached skill level 4 in Dodging
  5645 | D:5      | Reached skill level 7 in Unarmed Combat
  5655 | D:5      | Found a deep blue altar of Sif Muna.
  5811 | D:5      | Reached XP level 8. HP: 54/54 MP: 13/13
  5870 | D:5      | Bought a dyed leather armour for 60 gold pieces
  5992 | D:5      | Noticed Natasha
  6013 | D:5      | Killed Natasha
  6168 | D:6      | Reached skill level 7 in Transmutations
  6205 | D:6      | Identified the cursed +0 shortbow of False Accusations {venom, rElec rC++} (You found it on level 5 of the Dungeon)
  6266 | D:6      | Reached skill level 5 in Dodging
  6387 | D:6      | Reached skill level 8 in Transmutations
  6545 | D:6      | Learned a level 5 spell: Blade Hands
  6567 | D:6      | Acquired Fedhas' third power
  6600 | D:6      | Reached skill level 8 in Unarmed Combat
  6811 | D:6      | Reached skill level 6 in Dodging
  6980 | D:6      | Reached skill level 2 in Fighting
  7306 | D:6      | Found Wuedorph's Distillery.
  7318 | D:6      | Bought a potion of heal wounds for 45 gold pieces
  7453 | D:6      | Reached XP level 9. HP: 27/62 MP: 5/14
  7748 | D:6      | Reached skill level 3 in Fighting
  7959 | D:7      | Reached skill level 7 in Dodging
  8039 | D:7      | Found a staircase to the Ecumenical Temple.
  8237 | D:7      | Reached skill level 9 in Unarmed Combat
  8392 | D:7      | Acquired Fedhas' fourth power
  8445 | D:7      | Reached skill level 4 in Fighting
  8557 | D:7      | Found a white marble altar of Elyvilon.
  8599 | D:7      | Reached skill level 8 in Dodging
  9136 | D:8      | Upgraded the game from 0.16-a0-783-gf476f6a to 0.16-a0-787-g31dbbe7
  9248 | D:8      | Reached skill level 9 in Transmutations
  9369 | D:8      | Reached skill level 10 in Transmutations
  9369 | D:8      | Reached XP level 10. HP: 73/73 MP: 13/16
  9596 | D:8      | Reached skill level 11 in Transmutations
  9824 | D:8      | Noticed Pikel
  9834 | D:8      | Killed Pikel
 10179 | D:8      | Found a burning altar of Makhleb.
 10179 | D:8      | Noticed a balrug
 10300 | D:9      | Reached skill level 12 in Transmutations
 11107 | D:9      | Reached skill level 3 in Spellcasting
 11365 | D:9      | Found a staircase to the Orcish Mines.
 11558 | D:9      | Reached skill level 5 in Fighting
 11901 | D:9      | Reached skill level 9 in Dodging
 11978 | D:9      | Found an iron altar of Okawaru.
 12163 | D:9      | Found a basalt altar of Yredelemnul.
 12170 | D:9      | Reached XP level 11. HP: 47/81 MP: 18/21
 12233 | D:9      | Reached skill level 10 in Unarmed Combat
 12243 | D:9      | Reached skill level 6 in Fighting
 12389 | D:10     | Entered Level 10 of the Dungeon
 13124 | D:10     | Identified a scroll of acquirement
 13125 | D:10     | Got an opal-encrusted ring mail
 13136 | D:10     | Identified the +2 ring mail of Miracles {Str-4 Int+2} (You acquired it on level 10 of the Dungeon)
 13452 | D:10     | Found a staircase to the Lair.
 13706 | D:10     | Noticed a hill giant
 13715 | D:10     | Killed a hill giant
 13732 | D:10     | Reached skill level 7 in Fighting
 13732 | D:10     | Reached skill level 10 in Dodging
 13803 | Lair:1   | Entered Level 1 of the Lair of Beasts
 13839 | Lair:1   | Found a deep blue altar of Sif Muna.
 14361 | Lair:1   | Reached skill level 11 in Unarmed Combat
 14814 | Lair:1   | Reached skill level 11 in Dodging
 14989 | Lair:1   | Reached skill level 8 in Fighting
 15293 | Lair:2   | Got an iridescent trident
 15294 | Lair:2   | Identified the +9 trident "Gronuuh" {pierce, Dex+2} (You found it on level 2 of the Lair of Beasts)
 15901 | Lair:2   | Acquired Fedhas' fifth power
 16281 | Lair:2   | Reached XP level 12. HP: 69/94 MP: 21/21
 16537 | Lair:3   | Found a hole to the Spider Nest.
 16729 | Lair:3   | Reached skill level 9 in Fighting
 16916 | Lair:3   | Reached skill level 12 in Unarmed Combat
 17151 | Lair:3   | Reached skill level 12 in Dodging
 17770 | Lair:4   | Reached skill level 1 in Evocations
 17799 | Lair:4   | Reached skill level 2 in Evocations
 17977 | Lair:4   | Reached skill level 3 in Evocations
 18131 | Lair:4   | Reached skill level 4 in Evocations
 18450 | Lair:4   | Reached skill level 5 in Evocations
 18602 | Lair:4   | Reached skill level 6 in Evocations
 18612 | Lair:4   | HP: 5/95 [yak (14)]
 18613 | Lair:4   | Slain by a yak

Vanquished Creatures
  Pikel (D:8)
  2 komodo dragons
  A troll (D:9)
  A merfolk (D:9)
  2 blink frogs (Lair:4)
  5 spriggans (Lair:4)
  29 yaks
  2 basilisks
  3 wyverns
  A hungry ghost (D:9)
  3 hippogriffs
  8 wolves
  A mottled dragon (D:10)
  9 water moccasins
  2 ice beasts
  7 spiders (Lair:3)
  8 porcupines
  A sky beast (D:6)
  8 centaurs
  A black bear (D:9)
  An orc warrior (D:9)
  2 phantoms (D:8)
  2 ogres
  3 slaves (D:8)
  2 crocodiles (Lair:2)
  13 giant frogs
  A gnoll sergeant (D:10)
  A wyvern zombie (D:10)
  A big kobold (D:9)
  2 jellies
  2 scorpions
  13 killer bees
  4 crimson imps
  A giant frog zombie (D:5)
  3 goliath beetles
  8 hounds
  2 orc priests
  A black bear skeleton (D:9)
  A gnoll shaman (D:7)
  3 worker ants
  An iron imp (D:5)
  5 iguanas
  10 orc wizards
  17 sheep
  A hound skeleton (D:9)
  An orc zombie (D:7)
  11 gnolls
  A shadow imp (D:6)
  7 adders
  19 green rats
  2 worms (D:2)
  5 giant mites
  An adder skeleton (D:4)
  9 giant geckos
  38 orcs
  A bat skeleton (D:5)
  7 giant cockroaches
  17 goblins
  12 hobgoblins
  15 jackals
  8 quokkas
  18 bats
  6 giant newts
  A hobgoblin skeleton (D:7)
  A hobgoblin zombie (D:8)
  23 kobolds
  An orc skeleton (D:8)
  2 quokka skeletons
  14 rats
  A rat skeleton (D:4)
  A spectral orc (D:9)
417 creatures vanquished.

Vanquished Creatures (collateral kills)
  A hill giant (D:10)
  An ugly thing (D:10)
  A black mamba (Lair:1)
  A torpor snail (Lair:3)
  2 spiny frogs
  2 blink frogs (Lair:4)
  A wandering mushroom (D:9)
  A yak (D:9)
  A spriggan (Lair:4)
  Menkaure (D:5)
  A wolf (Lair:1)
  A water moccasin (D:6)
  A sky beast (D:5)
  A gnoll sergeant (D:5)
  3 orc warriors
  A spider (Lair:3)
  3 ogres (D:5)
  A necrophage (D:9)
  A yellow wasp (D:7)
  2 yak zombies (D:9)
  A gnoll shaman (D:5)
  A goliath beetle (D:7)
  An iguana (D:4)
  2 orc priests
  Natasha (twice) (D:5)
  2 orc wizards
  2 worker ants
  Terence (D:3)
  A mummy (D:7)
  2 adders
  A green rat (Lair:3)
  A gnoll (D:5)
  A shadow imp (D:9)
  A white imp (D:5)
  A giant gecko (D:5)
  8 orcs
  A goblin (D:5)
  A hobgoblin (D:9)
  4 jackals
  A kobold (D:4)
  An orc skeleton (D:9)
  An orc zombie (D:9)
  A quokka (D:10)
65 creatures vanquished.

Vanquished Creatures (others)
  14 wandering mushrooms
  A worker ant (D:5)
  A fungus (Lair:4)
  2 plants (Lair:4)
  208 toadstools
226 creatures vanquished.

Grand Total: 708 creatures vanquished
